[ AOE2 MATCH · #484400653 ]
1v1 RMHuns vs Huns
Player's team · WIN
Rival team · LOSS
[ REPLAY ANALYSIS · EXTRACTED FROM THE RECORDED GAME ]
Feudal
12:03
Castle
—
Imperial
—
| APM avg | 52.6 |
| APM peak | 82 |
| eAPM avg | 15.9 |
| Villagers / military | 34 / 6 |
Focus
⚔️ 27.1% · 🌾 72.9%
Scout Cavalry ×3 · Archer ×3
Feudal
—
Castle
—
Imperial
—
| APM avg | 51.0 |
| APM peak | 99 |
| eAPM avg | 19.7 |
| Villagers / military | 56 / 4 |
Focus
⚔️ 22.5% · 🌾 77.5%
Spearman ×2 · Skirmisher ×2
Match map
Resources at game start + every placement click. Thick line = wall · dashed box = detected house wall. 🟡 gold · ⚪ stone · 🟢 berries · 🔶 boar · ⭕ relic
Inputs per minute
— Pill - - soorena776
Build order — Pill
49 actions detected in the replay
| 0:05 | Build | Town Center |
| 1:58 | Create | Villager (Male) |
| 1:58 | Create | Villager (Male) |
| 1:58 | Create | Villager (Male) |
| 1:59 | Create | Villager (Male) |
| 3:01 | Create | Villager (Male) |
| 3:01 | Create | Villager (Male) |
| 3:11 | Research | Loom |
| 3:20 | Build | Lumber Camp |
| 3:30 | Create | Villager (Male) |
| 3:46 | Create | Villager (Male) |
| 4:54 | Create | Villager (Male) |
| 4:54 | Create | Villager (Male) |
| 4:54 | Create | Villager (Male) |
| 4:55 | Create | Villager (Male) |
| 5:36 | Create | Villager (Male) |
| 6:39 | Create | Villager (Male) |
| 6:58 | Create | Villager (Male) |
| 7:14 | Create | Villager (Male) |
| 7:14 | Create | Villager (Male) |
| 7:42 | Create | Villager (Male) |
| 7:44 | Create | Villager (Male) |
| 7:50 | Create | Villager (Male) |
| 7:56 | Build | Mill |
| 8:40 | Create | Villager (Male) |
| 8:51 | Create | Villager (Male) |
| 9:17 | Build | Barracks |
| 9:30 | Create | Villager (Male) |
| 9:46 | Research | Feudal Age |
| 10:34 | Create | Villager (Male) |
| 11:34 | Create | Villager (Male) |
| 12:03 | Age | Feudal Age |
| 12:11 | Build | Stable |
| 12:15 | Create | Villager (Male) |
| 12:21 | Create | Villager (Male) |
| 12:31 | Create | Villager (Male) |
| 12:45 | Build | Archery Range |
| 12:51 | Create | Scout Cavalry |
| 12:52 | Create | Scout Cavalry |
| 12:52 | Create | Scout Cavalry |
| 13:17 | Create | Villager (Male) |
| 13:37 | Create | Archer |
| 13:38 | Create | Archer |
| 13:46 | Create | Villager (Male) |
| 13:49 | Create | Villager (Male) |
| 14:22 | Create | Villager (Male) |
| 15:12 | Create | Archer |
| 15:39 | Create | Villager (Male) |
| 16:05 | Create | Villager (Male) |
Build order — soorena776
74 actions detected in the replay
| 0:42 | Build | Town Center |
| 2:34 | Create | Villager (Male) |
| 2:34 | Create | Villager (Male) |
| 2:34 | Create | Villager (Male) |
| 2:34 | Create | Villager (Male) |
| 2:34 | Create | Villager (Male) |
| 2:34 | Create | Villager (Male) |
| 2:34 | Create | Villager (Male) |
| 3:53 | Create | Villager (Male) |
| 3:53 | Create | Villager (Male) |
| 3:53 | Create | Villager (Male) |
| 3:53 | Create | Villager (Male) |
| 4:27 | Create | Villager (Male) |
| 4:27 | Create | Villager (Male) |
| 4:27 | Create | Villager (Male) |
| 4:27 | Create | Villager (Male) |
| 4:27 | Create | Villager (Male) |
| 4:28 | Create | Villager (Male) |
| 4:28 | Create | Villager (Male) |
| 4:28 | Create | Villager (Male) |
| 5:22 | Create | Villager (Male) |
| 5:23 | Create | Villager (Male) |
| 5:23 | Create | Villager (Male) |
| 5:23 | Create | Villager (Male) |
| 5:23 | Create | Villager (Male) |
| 5:23 | Create | Villager (Male) |
| 5:23 | Create | Villager (Male) |
| 5:24 | Create | Villager (Male) |
| 5:24 | Create | Villager (Male) |
| 5:25 | Create | Villager (Male) |
| 5:25 | Create | Villager (Male) |
| 5:25 | Create | Villager (Male) ×2 |
| 5:35 | Build | Lumber Camp |
| 6:37 | Create | Villager (Male) |
| 6:37 | Create | Villager (Male) |
| 6:37 | Create | Villager (Male) |
| 6:37 | Create | Villager (Male) |
| 6:37 | Create | Villager (Male) |
| 6:37 | Create | Villager (Male) |
| 6:48 | Create | Villager (Male) |
| 6:48 | Create | Villager (Male) ×2 |
| 6:49 | Create | Villager (Male) |
| 7:48 | Create | Villager (Male) |
| 7:49 | Create | Villager (Male) |
| 8:05 | Create | Villager (Male) |
| 8:05 | Create | Villager (Male) |
| 8:27 | Build | Mill |
| 8:29 | Create | Villager (Male) |
| 8:34 | Create | Villager (Male) |
| 8:34 | Create | Villager (Male) |
| 9:04 | Create | Villager (Male) |
| 9:38 | Create | Villager (Male) |
| 9:39 | Create | Villager (Male) |
| 10:13 | Build | Mill |
| 10:15 | Create | Villager (Male) |
| 10:29 | Research | Loom |
| 10:32 | Research | Feudal Age |
| 11:29 | Create | Villager (Male) |
| 11:42 | Build | Lumber Camp |
| 11:59 | Build | Palisade Wall |
| 12:34 | Build | Palisade Wall |
| 12:55 | Build | Barracks |
| 13:12 | Research | Double-Bit Axe |
| 13:18 | Research | Horse Collar |
| 13:22 | Create | Villager (Male) |
| 13:52 | Create | Villager (Male) |
| 14:03 | Create | Spearman |
| 14:03 | Create | Spearman |
| 14:22 | Build | Palisade Wall |
| 14:23 | Build | Palisade Wall |
| 14:27 | Build | Mining Camp |
| 14:58 | Build | Archery Range |
| 15:37 | Create | Skirmisher |
| 15:38 | Create | Skirmisher |
Match timeline
| 9:17 | Pill · first_building Barracks |
| 11:59 | soorena776 · wall_segment Palisade Wall x6 |
| 12:03 | Pill · age_up feudal |
| 12:11 | Pill · first_building Stable |
| 12:34 | soorena776 · wall_segment Palisade Wall x10 |
| 12:45 | Pill · first_building Archery Range |
| 12:55 | soorena776 · first_building Barracks |
| 14:22 | soorena776 · wall_segment Palisade Wall x1 |
| 14:23 | soorena776 · wall_segment Palisade Wall x4 |
| 14:58 | soorena776 · first_building Archery Range |
| 16:07 | soorena776 · resign |
[ AI ANALYSIS · 1 CREDIT ]
What really happened in this match?
Wolo.gg analyzes every decision: build order, eco, micro, common mistakes by bracket. Personalized analysis on WhatsApp or Discord in 30 seconds.
Civ guide
Huns
Map guide
African Clearing
Perfil
Pill